 Dungeon Crawl Stone Soup version 0.24-a0-250-g6074511 (webtiles) character file.

Game seed: 16583852590656900983

473 Hasart the Skirmisher (level 7, 0/44 HPs)
             Began as a Kobold Berserker on Apr 14, 2019.
             Was a Priest of Trog.
             Slain by an ogre
             ... wielding a +0 giant club
              (18 damage)
             ... on level 4 of the Dungeon.
             The game lasted 00:06:20 (3605 turns).

Hasart the Skirmisher (Kobold Berserker)            Turns: 3605, Time: 00:06:21

Health: 0/44       AC:  5    Str: 16    XL:     7   Next: 32%
Magic:  7/7        EV: 15    Int:  8    God:    Trog [***...]
Gold:   103        SH:  0    Dex: 15    Spells: 6/6 levels left

rFire    . . .     SeeInvis .   k - +2 long sword (drain)
rCold    . . .     Gourm    .   (shield restricted)
rNeg     . . .     Faith    .   q - +0 ring mail
rPois    .         Spirit   .   (no helmet)
rElec    .         Reflect  .   (no cloak)
rCorr    .         Harm     .   (no gloves)
MR       +....                  (no boots)
Stlth    +++.......             (no amulet)
HPRegen  0.14/turn              j - ring of stealth
MPRegen  0.10/turn              s - ring of protection from magic

@: no status effects
A: small, carnivore
a: Berserk, Trog's Hand, Renounce Religion


You were on level 4 of the Dungeon.
You worshipped Trog.
Trog was most pleased with you.
You were completely stuffed.

You visited 1 branch of the dungeon, and saw 4 of its levels.

You collected 103 gold pieces.

Inventory:

Hand Weapons
 k - a +2 long sword of draining (weapon)
Armour
 q - a +0 ring mail (worn)
Jewellery
 j - a ring of stealth (left hand)
 m - an uncursed ring of fire
 s - a ring of protection from magic (right hand)
Wands
 l - a wand of clouds (4)
Scrolls
 f - 2 scrolls of amnesia {unknown}
 g - a scroll of enchant armour {unknown}
 i - 2 scrolls of remove curse
Potions
 a - a potion of might
 b - a potion of curing {unknown}
 d - a potion of magic {unknown}
 e - 2 potions of heal wounds {unknown}
 h - a potion of lignification {unknown}
 p - a potion of flight {unknown}
 r - a potion of invisibility {unknown}
Comestibles
 c - 8 rations


   Skills:
 + Level 4.6 Fighting
 * Level 4.2 Long Blades
 + Level 2.8 Armour
 + Level 4.1 Dodging
 + Level 3.8 Stealth


You had 6 spell levels left.
You didn't know any spells.
Your spell library was empty.

Dungeon Overview and Level Annotations

Branches:
Dungeon (4/15)
 Temple: D:4-7

Altars:
Ru
Vehumet


Innate Abilities, Weirdness & Mutations

You are small and have problems with some larger weapons.
You are carnivorous and can eat meat at any time.


Message History

You destroy the jackal skeleton!
Trog accepts your kill.
You slash the ogre!
The ogre is moderately wounded.
The ogre completely misses you.
You hit the ogre but do no damage. You drain the ogre.
The ogre is moderately wounded.
The ogre misses you.
You hit the ogre.
The ogre is heavily wounded.
The ogre hits you with a +0 giant club!!
Ouch! That really hurt!
You barely miss the ogre.
The ogre is heavily wounded.
The ogre closely misses you.
You riposte.
You closely miss the ogre.
The ogre is heavily wounded.
You hit the ogre but do no damage.
The ogre is heavily wounded.
The ogre hits you with a +0 giant club!!
You die...

.............#
#####..##.### ..........#
#####.##### ##
....#.....##.#.# ##
###.#.....##.#.. .# #
#.#.....##.#.# .# ####
###.#.....##.#.###.#.....
....#......#....@O...#.#.
#####......#.#.#...#....
...........#.....#...#.#.
#..........#.#.#.###.....
.........................
#†....#....#.#..#########
#.....######........
#.....# ######### #######


You could see an ogre.

Vanquished Creatures
  An ogre (D:4)
  2 hounds (D:4)
  A centaur skeleton (D:4)
  An orc wizard (D:3)
  3 worker ants (D:4)
  Natasha (twice) (D:2)
  A hound skeleton (D:4)
  3 gnolls (D:3)
  3 adders
  An ooze (D:1)
  A worm (D:3)
  5 dart slugs
  A leopard gecko (D:2)
  3 orcs
  3 giant cockroaches
  9 goblins
  8 hobgoblins
  8 jackals
  3 quokkas
  2 ball pythons
  7 bats
  4 frilled lizards
  A jackal skeleton (D:4)
  4 kobolds
  10 rats
87 creatures vanquished.

Notes
Turn   | Place    | Note
-------+----------+-------------------------------------------
     0 | D:1      | Hasart the Kobold Berserker began the quest for the Orb.
     0 | D:1      | Reached XP level 1. HP: 14/14 MP: 1/1
    59 | D:1      | Reached XP level 2. HP: 18/19 MP: 2/2
   144 | D:1      | Reached skill level 1 in Stealth
   485 | D:1      | Reached XP level 3. HP: 8/23 MP: 3/3
  1433 | D:2      | Reached ** piety under Trog
  1433 | D:2      | Reached XP level 4. HP: 8/28 MP: 4/4
  1608 | D:2      | Noticed Natasha
  1615 | D:2      | Killed Natasha
  2016 | D:2      | Noticed Natasha
  2028 | D:2      | Killed Natasha
  2028 | D:2      | Reached XP level 5. HP: 16/33 MP: 5/5
  2310 | D:3      | Found a sacrificial altar of Ru.
  2371 | D:3      | Found a faded altar of an unknown god.
  2616 | D:3      | Found a radiant altar of Vehumet.
  2747 | D:3      | Reached XP level 6. HP: 38/38 MP: 6/6
  3472 | D:4      | Noticed an ogre
  3478 | D:4      | Killed an ogre
  3478 | D:4      | Reached XP level 7. HP: 44/44 MP: 7/7
  3529 | D:4      | Reached *** piety under Trog
  3605 | D:4      | Slain by an ogre

Levels and vault maps discovered:
D:1:      nzn_arrival_depleted_hourglass, layout_basic, minmay_unequal
D:2:      minmay_spotlight, layout_rooms, minmay_between, uniq_natasha
D:3:      layout_loops_ring, lemuel_doored_altar, lemuel_coloured_pillars_altar,
          chequers_ecumenical_altar_simple_redux
D:4:      layout_basic, serial_glass, glass_columns_a, glass_columns_c,
          glass_columns_b, glass_columns_c, glass_columns_a, glass_columns_b,
          minmay_misc_feat_enclosed

Skill      XL: |  1  2  3  4  5  6 |
---------------+-------------------+-----
Stealth        | 1 2 3 |  3.8
Long Blades    | 3 4 |  4.2
Dodging        | 3 4 |  4.1
Armour         | 2 |  2.8
Fighting       | 4 |  4.6

Action                   |  1- 3 |  4- 6 |  7- 9 || total
-------------------------+-------+-------+-------++-------
Melee: Falchion          |    80 |     4 |       ||    84
       Long sword        |       |    97 |    18 ||   115
Invok: Berserk           |     1 |     1 |       ||     2
       Trog's Hand       |       |     1 |       ||     1
  Use: Scroll            |       |     7 |       ||     7
 Stab: Sleeping          |     1 |    10 |       ||    11
  Eat: Chunk             |    11 |     8 |       ||    19
Armor: Animal skin       |    11 |     2 |       ||    13
       Ring mail         |       |    16 |     4 ||    20
Dodge: Dodged            |    72 |    82 |    13 ||   167
       Rpst.: Falchion   |    21 |       |       ||    21
       Long sword        |       |    31 |     4 ||    35

Table legend:
 A = Non-vault XP
 B = Vault XP
 C = Vault XP percentage of total XP
 D = Non-vault monster count
 E = Vault monster count
 F = Vault count percentage of total count
                 A         B        C        D         E       F
            +---------+---------+-------+---------+---------+-------
      Total |     634 |      43 |   6.4 |      80 |       7 |   8.0
            +---------+---------+-------+---------+---------+-------
        D:1 |      46 |       5 |   9.8 |      23 |       2 |   8.0
        D:2 |      84 |      38 |  31.1 |      17 |       5 |  22.7
        D:3 |     129 |       0 |   0.0 |      27 |       0 |   0.0
        D:4 |     375 |       0 |   0.0 |      13 |       0 |   0.0
            +---------+---------+-------+---------+---------+-------
